 Dungeon Crawl Stone Soup version 0.25-a0-1136-gc1285e62ab (webtiles) character file.

Game seed: 18361523186865081017, levelgen mode: deterministic

214 DerDa the Chiller (level 5, -8/35 HPs)
             Began as a Merfolk Ice Elementalist on May 23, 2020.
             Killed by divine providence
             ... invoked by an orc priest
              (16 damage)
             ... on level 4 of the Dungeon.
             The game lasted 00:06:26 (2696 turns).

DerDa the Chiller (Merfolk Ice Elementalist)        Turns: 2696, Time: 00:06:26

Health: -8/35      AC: -2    Str:  9    XL:     5   Next: 91%
Magic:  10/10      EV: 14    Int: 15    God:
Gold:   134        SH:  0    Dex: 14    Spells: 0/11 levels left

rFire    . . .     SeeInvis .   e - +2 dagger (venom)
rCold    + . .     Gourm    .   (no shield)
rNeg     . . .     Faith    .   n - +0 robe {rC+}
rPois    .         Spirit   .   (no helmet)
rElec    .         Reflect  .   (no cloak)
rCorr    .         Harm     .   (no gloves)
MR       .....                  (no boots)
Stlth    ++........             m - amulet of the acrobat
HPRegen  0.11/turn              b - -4 ring of protection (curse)
MPRegen  0.12/turn              (no ring)

@: slowed, very slow
A: change form in water, swift swim, stealthy swim
a: no special abilities


You were on level 4 of the Dungeon.
You were hungry.

You visited 1 branch of the dungeon, and saw 4 of its levels.

You collected 134 gold pieces.

Inventory:

Hand Weapons
 e - a +2 dagger of venom (weapon)
Missiles
 d - 22 poisoned darts (quivered)
Armour
 a - a +1 robe
 n - a +0 robe of cold resistance (worn)
Jewellery
 b - a cursed -4 ring of protection (left hand)
 m - an amulet of the acrobat (around neck)
 p - an uncursed ring of wizardry {unknown}
 t - an uncursed amulet of reflection {unknown}
Scrolls
 f - a scroll of identify {unknown}
 h - 3 scrolls of enchant armour
 i - 2 scrolls of remove curse {unknown}
 k - a scroll of fear {unknown}
 l - a scroll of amnesia {unknown}
 q - 2 scrolls of teleportation {unknown}
 s - a scroll of immolation {unknown}
Potions
 j - a potion of stabbing {unknown}
 r - a potion of heal wounds {unknown}
 u - a potion of curing {unknown}
 v - a potion of cancellation {unknown}
Comestibles
 c - 5 rations


   Skills:
 + Level 4.1 Dodging
 - Level 2.1 Stealth
 * Level 3.7 Spellcasting
 * Level 0.2 Conjurations
 * Level 5.8 Ice Magic


You couldn't memorise any spells.
You knew the following spells:

 Your Spells              Type           Power        Failure   Level  Hunger
a - Freeze                Ice            ###.         1%          1    None
b - Frozen Ramparts       Ice            ###...       4%          3    ###....
c - Ozocubu's Armour      Chrm/Ice       ##......     17%         3    ###....
d - Hailstorm             Conj/Ice       ##......     45%         4    ####...

Your spell library contained the following spells:

 Spells                   Type           Power        Failure   Level  Hunger
 Magic Dart               Conj           #...         17%         1    None
 Blink                    Tloc           N/A          28%         2    ##.....
 Call Imp                 Summ           #.......     28%         2    ##.....
 Slow                     Hex            #.......     28%         2    ##.....
 Conjure Flame            Conj/Fire      #.......     47%         3    ###....
 Mephitic Cloud           Conj/Pois/Air  #.......     47%         3    ###....
 Summon Ice Beast         Ice/Summ       ##......     50%         4    ####...


Dungeon Overview and Level Annotations

Branches:
Dungeon (4/15)
 Temple: D:4-7

Altars:
Nemelex Xobeh


Message History

You freeze something! Something hits you.
Casting: Freeze (safe; 1% risk of failure)
Confirm with . or Enter, or press ? or * to list all spells.
Aiming: Freeze (safe; 1% risk of failure)
Press: ? - help, Shift-Dir - straight line You freeze something.
Reactivating autopickup.
You feel a bit more experienced.
An orc priest comes into view. It is wielding a +0 flail.
Things that are here:
a +0 dagger; a +0 robe; an orc corpse The orc shouts!
The orc priest invokes the aid of Beogh against you.
Pain shoots through your body!
* * * LOW HITPOINT WARNING * * *
It was a potion of magic.
Magic courses through your body.
The orc priest shouts!
The orc priest mumbles some strange prayers to Beogh against you.
Beogh smites you!
You die...

..........#...........
#...............#....
##.........##....#....
#......o....###).)..#.
#.........### #.....##
.o..##....##.#......#
o#..#...!............
##.#)..##.......#..#
#o.@.#.##.......####
##...####.....###
.%...# ##.... #....##
#.. ######


You could see 2 orc priests and an orc.

Vanquished Creatures
  A scorpion (D:3)
  Jessica (D:3)
  An orc wizard (D:4)
  5 adders
  2 oozes
  An adder skeleton (D:4)
  3 dart slugs
  A leopard gecko (D:1)
  2 orcs
  4 bats
  2 giant cockroaches
  4 goblins
  6 hobgoblins
  4 jackals (D:1)
  2 quokkas
  4 frilled lizards
  6 kobolds
  6 rats
55 creatures vanquished.

Notes
Turn   | Place    | Note
-------+----------+-------------------------------------------
     0 | D:1      | DerDa the Merfolk Ice Elementalist began the quest for the
                  | Orb.
     0 | D:1      | Reached XP level 1. HP: 13/13 MP: 3/3
    69 | D:1      | Reached XP level 2. HP: 8/19 MP: 0/5
   630 | D:1      | Reached XP level 3. HP: 22/24 MP: 6/6
  1009 | D:2      | Reached skill level 5 in Ice Magic
  1221 | D:2      | Found a sparkling altar of Nemelex Xobeh.
  1237 | D:2      | Reached XP level 4. HP: 30/30 MP: 5/8
  1753 | D:3      | Reached XP level 5. HP: 35/35 MP: 8/10
  2059 | D:3      | Noticed Jessica
  2062 | D:3      | Killed Jessica
  2598 | D:4      | Learned a level 3 spell: Frozen Ramparts
  2602 | D:4      | Learned a level 3 spell: Ozocubu's Armour
  2607 | D:4      | Learned a level 4 spell: Hailstorm
  2696 | D:4      | Killed from afar by an orc priest

Illustrated notes

Levels and vault maps discovered:
D:1:      dpeg_arrival_windows_large_door, layout_basic
D:2:      layout_loops_cross, nemelex_xobeh_ov_fountains_minmay,
          grunt_ministairs_12, lightli_corner_chamber
D:3:      layout_loops_cross, serial_glass, glass_columns_a, glass_columns_b,
          uniq_jessica
D:4:      layout_cave_pools, serial_shops, nicolae_shop_statue_plus,
          minmay_starry_boxes, uniq_natasha

Skill      XL: |  1  2  3  4  5 |
---------------+----------------+-----
Dodging        | 3 4 |  4.1
Ice Magic      | 5 |  5.8
Spellcasting   | 3 |  3.7
Stealth        | |  2.1
Conjurations   | |  0.2

Action                   |  1- 3 |  4- 6 || total
-------------------------+-------+-------++-------
Melee: Dagger            |    19 |    55 ||    74
Throw: Dart              |     1 |       ||     1
 Cast: Freeze            |    25 |    17 ||    42
  Use: Scroll            |     5 |       ||     5
       Potion            |       |     1 ||     1
 Stab: Sleeping          |     4 |     6 ||    10
  Eat: Chunk             |     1 |     4 ||     5
Dodge: Dodged            |    16 |    40 ||    56

Table legend:
 A = Non-vault XP
 B = Vault XP
 C = Vault XP percentage of total XP
 D = Non-vault monster count
 E = Vault monster count
 F = Vault count percentage of total count
                 A         B        C        D         E       F
            +---------+---------+-------+---------+---------+-------
      Total |     254 |      52 |  17.0 |      52 |       3 |   5.5
            +---------+---------+-------+---------+---------+-------
        D:1 |      41 |       0 |   0.0 |      19 |       0 |   0.0
        D:2 |      63 |      15 |  19.2 |      13 |       2 |  13.3
        D:3 |     107 |      37 |  25.7 |      17 |       1 |   5.6
        D:4 |      43 |       0 |   0.0 |       3 |       0 |   0.0
            +---------+---------+-------+---------+---------+-------
